 Dungeon Sprint DCSS version 0.26-a0-1101-g8f9f7f7418 (webtiles) character file.

Game seed: 1960719624420753708

10100000 Adamkad1 the Axe Maniac (level 27, -1/280 (292) HPs)
             Began as a Palentonga Gladiator on Dec 15, 2020.
             Was the Champion of Makhleb.
             Killed by divine providence
             ... invoked by an accursed
              (16 damage)
             ... in the Dungeon (Sprint VIII: "Arena of Blood").
             The game lasted 00:03:02 (101 turns).

Adamkad1 the Axe Maniac (Palentonga Gladiator)       Turns: 101, Time: 00:03:02

HP:   -1/280 (292)  AC: 17    Str: 18    XL:     27
MP:   39/54         EV: 32    Int: 12    God:    Makhleb [******]
Gold: 0             SH:  0    Dex: 21    Spells: 80/80 levels left

rFire    + . .     SeeInvis +   k - +∞ Axe of Woe
rCold    . . .     Faith    .   (shield currently unavailable)
rNeg     . . .     Spirit   .   b - +0 leather armour
rPois    .         Reflect  .   c - +0 helmet
rElec    .         Harm     .   (no cloak)
rCorr    .         Rampage  .   (no gloves)
Will     ++...     NoTele   +   (no barding)
Stlth    ++++++++++             (no amulet)
HPRegen  0.56/turn              l - ring of protection from fire
MPRegen  0.34/turn              (no ring)

@: slowed, lightly drained, curled up, very slow
A: large, rugged brown scales 3, see invisible, deformed body, roll 1, armoured
tail, reflexive curl
a: Rolling Charge, Minor Destruction, Lesser Servant of Makhleb, Major
Destruction, Greater Servant of Makhleb, Renounce Religion


You were in the Dungeon.
You worshipped Makhleb.
Makhleb was exalted by your worship.
You visited 1 branch

Inventory:

Hand Weapons
 a - a +0 war axe
 k - the +∞ Axe of Woe (weapon)
   (You found it in the Dungeon)
Missiles
 d - 3 throwing nets (quivered)
Armour
 b - a +0 leather armour (worn)
 c - a +0 helmet (worn)
Jewellery
 l - a ring of protection from fire (left hand)
Scrolls
 j - a scroll of blinking
Potions
 e - a potion of curing
 f - a potion of heal wounds
 g - a potion of haste
 h - 2 potions of magic
 i - a potion of berserk rage


   Skills:
 O Level 27 Fighting
 O Level 27 Short Blades
 O Level 27 Long Blades
 O Level 27 Axes
 O Level 27 Maces & Flails
 O Level 27 Polearms
 O Level 27 Staves
 O Level 27 Slings
 O Level 27 Bows
 O Level 27 Crossbows
 O Level 27 Throwing
 O Level 27 Armour
 O Level 27 Dodging
 O Level 27 Stealth
 O Level 27 Shields
 O Level 27 Unarmed Combat
 O Level 27 Spellcasting
 O Level 27 Conjurations
 O Level 27 Hexes
 O Level 27 Summonings
 O Level 27 Necromancy
 O Level 27 Translocations
 O Level 27 Transmutations
 O Level 27 Fire Magic
 O Level 27 Ice Magic
 O Level 27 Air Magic
 O Level 27 Earth Magic
 O Level 27 Poison Magic
 O Level 27 Invocations
 O Level 27 Evocations


You had 80 spell levels left.
You didn't know any spells.
Your spell library was empty.

Dungeon Overview and Level Annotations

Branches:
Dungeon (1/1)

Altars:
Makhleb


Innate Abilities, Weirdness & Mutations

You are completely covered in rugged brown scales. (AC +3, +7% HP)
You have supernaturally acute eyesight. (SInv)
Armour fits poorly on your strangely shaped body.
You can roll at nearby foes to attack.
You have a long armoured tail.
You curl defensively after being hit.


Message History

The dread calls on the powers of darkness!
The meat berserker convulses!
Your body is wracked with pain!
* * * LOW HITPOINT WARNING * * *
You hear a shout! x3
The wretched soul breathes negative energy at you.
The bolt of negative energy hits the observer!!!
The observer is drained!
The bolt of negative energy hits the tyrant.
The tyrant completely resists.
The bolt of negative energy hits you!!!
You feel drained.
* * * LOW HITPOINT WARNING * * *
You hear a shout!
The meat beast gurgles, "Accept thy doom, thou tasty dinner!"
The meat beast bites you!
* * * LOW HITPOINT WARNING * * *
The meat beast tramples you but does no damage.
You hear a shout! x2
The accursed gestures at you while chanting.
Something smites you!
You die...

..
..............)))...))).#
.......#...#))).).##..#
.....#....#)))))##...#
.M##.....#W†.))#....# O.
#......#†)..##))...#
.WW#W.X###G...#.).....#
.......).L..#.........#
......†2).)........####
...####@........####
#.§.....#### ....§...####
...§§#### ######


You could see an accursed, a meat beast (fast), a tyrant, an observer (fast,
invisible, drained), a large abomination, 2 wretched souls, 2 dreads and a meat
berserker (berserk).

Vanquished Creatures
  A hell beast (D)
  2 royal mummies (D)
  3 great orbs of eyes (D)
  A wraith (D)
  10 vampire knights (D)
  35 ogres (D)
  3 two-headed ogres (D)
  2 liches (D)
  4 hydras (D)
  74 orcs (D)
  7 phantoms (D)
  3 skeletal warriors (D)
  4 large abominations (D)
  A small abomination (D)
  11 crawling corpses (D)
161 creatures vanquished.

Vanquished Creatures (others)
  2 two-headed ogres (D)
  A crawling corpse (D)
3 creatures vanquished.

Grand Total: 164 creatures vanquished

Notes
Turn   | Place    | Note
-------+----------+-------------------------------------------
     0 | D        | Found the +∞ Axe of Woe
     0 | D        | Adamkad1 the Palentonga Gladiator began the quest for the
                  | Orb.
     0 | D        | Reached XP level 1. HP: 18/18 MP: 1/1
     1 | D        | Noticed a bag of meat
     1 | D        | Noticed a bag of meat
     3 | D        | Became a worshipper of Makhleb the Destroyer
     3 | D        | Noticed a bag of meat
     3 | D        | Noticed a bag of meat
     4 | D        | Noticed a bag of meat
     7 | D        | Noticed a bag of meat
     8 | D        | Killed a bag of meat
     8 | D        | Noticed a meat berserker
     9 | D        | Reached skill level 10 in Throwing
     9 | D        | Reached XP level 2. HP: 47/47 MP: 2/2
     9 | D        | Reached XP level 3. HP: 53/53 MP: 3/3
     9 | D        | Reached XP level 4. HP: 62/62 MP: 4/4
     9 | D        | Reached XP level 5. HP: 68/68 MP: 5/5
     9 | D        | Reached XP level 6. HP: 77/77 MP: 6/6
     9 | D        | Gained mutation: You curl defensively after being hit.
                  | [Palentonga growth]
     9 | D        | Reached XP level 7. HP: 84/84 MP: 7/7
     9 | D        | Reached XP level 8. HP: 92/92 MP: 8/8
     9 | D        | Reached XP level 9. HP: 99/99 MP: 9/9
     9 | D        | Reached XP level 10. HP: 108/108 MP: 10/10
     9 | D        | Reached XP level 11. HP: 114/114 MP: 11/11
     9 | D        | Noticed a bag of meat
     9 | D        | Killed a bag of meat
     9 | D        | Reached * piety under Makhleb
     9 | D        | Noticed a bag of meat
    10 | D        | Reached skill level 15 in Fighting
    10 | D        | Reached XP level 12. HP: 129/129 MP: 12/12
    10 | D        | Killed a bag of meat
    10 | D        | Killed a bag of meat
    10 | D        | Killed a bag of meat
    10 | D        | Reached ** piety under Makhleb
    11 | D        | Reached XP level 13. HP: 109/145 MP: 13/13
    11 | D        | Reached XP level 14. HP: 116/154 MP: 14/14
    11 | D        | Killed a bag of meat
    12 | D        | Reached skill level 15 in Throwing
    12 | D        | Reached XP level 15. HP: 122/162 MP: 15/15
    12 | D        | Killed a meat berserker
    12 | D        | Reached *** piety under Makhleb
    13 | D        | Reached skill level 27 in Axes
    13 | D        | Reached XP level 16. HP: 180/180 MP: 16/16
    13 | D        | Noticed a meat berserker
    14 | D        | Killed a meat berserker
    14 | D        | Noticed a meat berserker
    15 | D        | Noticed a meat berserker
    16 | D        | Noticed a meat berserker
    16 | D        | Noticed a meat berserker
    17 | D        | Killed a meat berserker
    17 | D        | Noticed a meat berserker
    17 | D        | Noticed a meat berserker
    17 | D        | Noticed a meat berserker
    18 | D        | Reached XP level 17. HP: 201/201 MP: 17/17
    19 | D        | Reached **** piety under Makhleb
    20 | D        | Killed a meat berserker
    20 | D        | Killed a meat berserker
    20 | D        | Noticed a large bag of meat
    20 | D        | Noticed a meat berserker
    21 | D        | Reached skill level 27 in Fighting
    21 | D        | Reached XP level 18. HP: 214/214 MP: 18/18
    21 | D        | Noticed a meat berserker
    21 | D        | Noticed a meat berserker
    21 | D        | Noticed a meat berserker
    21 | D        | Noticed a meat berserker
    21 | D        | Noticed a destroyer
    22 | D        | Reached skill level 27 in Dodging
    22 | D        | Noticed a destroyer
    22 | D        | Noticed a meat berserker
    22 | D        | Reached ***** piety under Makhleb
    22 | D        | Noticed a meat berserker
    22 | D        | Noticed a destroyer
    22 | D        | Noticed a meat berserker
    22 | D        | Noticed a meat berserker
    23 | D        | Reached skill level 27 in Throwing
    23 | D        | Reached skill level 1 in Short Blades
    23 | D        | Reached skill level 1 in Long Blades
    23 | D        | Reached skill level 1 in Maces & Flails
    23 | D        | Reached skill level 1 in Polearms
    23 | D        | Reached skill level 1 in Staves
    23 | D        | Reached skill level 1 in Slings
    23 | D        | Reached skill level 1 in Bows
    23 | D        | Reached skill level 1 in Crossbows
    23 | D        | Reached skill level 1 in Armour
    23 | D        | Reached skill level 1 in Stealth
    23 | D        | Reached skill level 1 in Shields
    23 | D        | Reached skill level 1 in Unarmed Combat
    23 | D        | Reached skill level 1 in Spellcasting
    23 | D        | Reached skill level 1 in Conjurations
    23 | D        | Reached skill level 1 in Hexes
    23 | D        | Reached skill level 1 in Summonings
    23 | D        | Reached skill level 1 in Necromancy
    23 | D        | Reached skill level 1 in Transmutations
    23 | D        | Reached skill level 1 in Fire Magic
    23 | D        | Reached skill level 1 in Ice Magic
    23 | D        | Reached skill level 1 in Air Magic
    23 | D        | Reached skill level 1 in Earth Magic
    23 | D        | Reached skill level 1 in Poison Magic
    23 | D        | Reached skill level 1 in Evocations
    23 | D        | Reached XP level 19. HP: 221/221 MP: 18/21
    23 | D        | Noticed a meat berserker
    23 | D        | Noticed a meat berserker
    23 | D        | Noticed a large bag of meat
    23 | D        | Killed a meat berserker
    23 | D        | Killed a meat berserker
    24 | D        | Reached skill level 5 in Slings
    24 | D        | Reached skill level 5 in Stealth
    24 | D        | Reached skill level 5 in Summonings
    24 | D        | Reached XP level 20. HP: 231/231 MP: 18/30
    24 | D        | Killed a meat berserker
    25 | D        | Reached skill level 10 in Short Blades
    25 | D        | Reached skill level 10 in Long Blades
    25 | D        | Reached skill level 10 in Maces & Flails
    25 | D        | Reached skill level 10 in Staves
    25 | D        | Reached skill level 10 in Unarmed Combat
    25 | D        | Reached skill level 10 in Hexes
    25 | D        | Reached skill level 10 in Translocations
    25 | D        | Reached skill level 10 in Transmutations
    25 | D        | Reached skill level 10 in Invocations
    25 | D        | Reached XP level 21. HP: 239/239 MP: 18/34
    25 | D        | Reached ****** piety under Makhleb
    25 | D        | Killed a large bag of meat
    26 | D        | Reached skill level 10 in Bows
    26 | D        | Reached skill level 10 in Crossbows
    26 | D        | Reached skill level 10 in Armour
    26 | D        | Reached skill level 10 in Stealth
    26 | D        | Reached skill level 10 in Shields
    26 | D        | Reached skill level 10 in Summonings
    26 | D        | Reached skill level 10 in Fire Magic
    26 | D        | Reached skill level 10 in Ice Magic
    26 | D        | Reached skill level 10 in Air Magic
    26 | D        | Reached skill level 10 in Poison Magic
    26 | D        | Reached XP level 22. HP: 225/249 MP: 18/37
    26 | D        | Noticed a large bag of meat
    26 | D        | Killed a destroyer
    27 | D        | Reached skill level 15 in Invocations
    27 | D        | Reached XP level 23. HP: 243/256 MP: 18/40
    27 | D        | Killed a destroyer
    28 | D        | Reached skill level 15 in Polearms
    28 | D        | Reached skill level 15 in Spellcasting
    28 | D        | Reached skill level 15 in Conjurations
    28 | D        | Reached skill level 15 in Earth Magic
    28 | D        | Reached XP level 24. HP: 247/266 MP: 18/42
    29 | D        | Reached skill level 15 in Evocations
    30 | D        | Reached skill level 15 in Bows
    30 | D        | Reached skill level 15 in Crossbows
    30 | D        | Reached skill level 15 in Armour
    30 | D        | Reached skill level 15 in Shields
    30 | D        | Reached skill level 15 in Summonings
    30 | D        | Reached skill level 15 in Fire Magic
    30 | D        | Reached skill level 15 in Ice Magic
    30 | D        | Reached skill level 15 in Air Magic
    30 | D        | Reached skill level 15 in Poison Magic
    30 | D        | Reached XP level 25. HP: 256/274 MP: 19/43
    30 | D        | Killed a large bag of meat
    30 | D        | Noticed a destroyer
    30 | D        | Noticed a large bag of meat
    31 | D        | Reached skill level 15 in Slings
    31 | D        | Reached skill level 15 in Stealth
    31 | D        | Reached XP level 26. HP: 231/284 MP: 19/44
    31 | D        | Killed a large bag of meat
    31 | D        | Noticed a destroyer
    33 | D        | Reached XP level 27. HP: 292/292 MP: 19/46
    35 | D        | Noticed a destroyer
    36 | D        | Killed a destroyer
    38 | D        | Killed a destroyer
    40 | D        | Noticed a destroyer
    42 | D        | Noticed a large bag of meat
    42 | D        | Noticed a destroyer
    44 | D        | Killed a destroyer
    44 | D        | Killed a destroyer
    47 | D        | Killed a destroyer
    48 | D        | Noticed a tyrant
    51 | D        | Killed a destroyer
    57 | D        | Reached skill level 27 in Invocations
    66 | D        | Killed a tyrant
    66 | D        | Killed a large bag of meat
    67 | D        | Killed a large bag of meat
    70 | D        | Noticed a destroyer
    71 | D        | Killed a destroyer
    71 | D        | Noticed a meat beast
    71 | D        | Noticed a dread
    73 | D        | Noticed a destroyer
    74 | D        | Killed a meat beast
    75 | D        | Reached skill level 27 in Short Blades
    75 | D        | Reached skill level 27 in Long Blades
    75 | D        | Reached skill level 27 in Maces & Flails
    75 | D        | Reached skill level 27 in Staves
    75 | D        | Reached skill level 27 in Unarmed Combat
    75 | D        | Reached skill level 27 in Hexes
    75 | D        | Reached skill level 27 in Necromancy
    75 | D        | Reached skill level 27 in Translocations
    75 | D        | Reached skill level 27 in Transmutations
    76 | D        | Killed a destroyer
    81 | D        | Killed a dread
    82 | D        | Reached skill level 27 in Polearms
    82 | D        | Reached skill level 27 in Spellcasting
    82 | D        | Reached skill level 27 in Conjurations
    82 | D        | Reached skill level 27 in Earth Magic
    82 | D        | Reached skill level 27 in Evocations
    90 | D        | Reached skill level 27 in Bows
    90 | D        | Reached skill level 27 in Crossbows
    90 | D        | Reached skill level 27 in Armour
    90 | D        | Reached skill level 27 in Summonings
    90 | D        | Reached skill level 27 in Fire Magic
    90 | D        | Reached skill level 27 in Ice Magic
    90 | D        | Reached skill level 27 in Air Magic
    90 | D        | Reached skill level 27 in Poison Magic
    91 | D        | Reached skill level 27 in Shields
    92 | D        | Reached skill level 27 in Slings
    92 | D        | Reached skill level 27 in Stealth
    92 | D        | Noticed an accursed
    93 | D        | Killed an accursed
    93 | D        | Noticed an accursed
    94 | D        | Noticed an accursed
    95 | D        | Noticed a tyrant
    95 | D        | Noticed a meat beast
    95 | D        | Noticed a dread
    97 | D        | HP: 11/278 [wretched soul/bolt of negative energy (52)]
    99 | D        | Noticed a dread
   100 | D        | Killed a tyrant
   100 | D        | Noticed a tyrant
   101 | D        | Killed an accursed
   101 | D        | Killed from afar by an accursed

Illustrated notes

Levels and vault maps discovered:
D:        meatsprint

Skill      XL: |  1  2  3  4  5  6  7  8  9 10 11 12 13 14 15 16 17 18 19 20 21 22 23 24 25 26 27 |
---------------+----------------------------------------------------------------------------------+-----
Fighting       | 13 15 18 19 22 25 27 | 27.0
Axes           | 17 20 24 25 27 | 27.0
Throwing       | 10 12 14 15 18 21 25 27 | 27.0
Dodging        | 11 13 16 19 22 26 27 | 27.0
Short Blades   | 1 7 10 12 14 16 18 19 20 27 | 27.0
Long Blades    | 1 7 10 12 14 16 18 19 20 27 | 27.0
Maces & Flails | 1 7 10 12 14 16 18 19 20 27 | 27.0
Polearms       | 1 6 9 11 13 15 16 18 19 27 | 27.0
Staves         | 1 7 10 12 14 16 18 19 20 27 | 27.0
Slings         | 1 5 7 9 11 12 14 15 16 27 | 27.0
Bows           | 1 6 8 10 12 13 15 16 18 27 | 27.0
Crossbows      | 1 6 8 10 12 13 15 16 18 27 | 27.0
Armour         | 1 6 8 10 12 13 15 16 18 27 | 27.0
Stealth        | 1 5 7 10 11 13 14 15 16 27 | 27.0
Shields        | 1 6 8 10 12 13 15 16 18 27 | 27.0
Unarmed Combat | 1 7 10 12 14 16 18 19 20 27 | 27.0
Spellcasting   | 1 7 9 11 13 15 16 17 19 27 | 27.0
Conjurations   | 1 6 9 11 13 15 16 18 19 27 | 27.0
Hexes          | 1 7 10 12 14 16 17 19 20 27 | 27.0
Summonings     | 1 5 8 10 12 13 15 16 18 27 | 27.0
Necromancy     | 1 7 9 12 14 16 17 19 20 27 | 27.0
Translocations | 2 7 10 12 14 16 17 19 20 27 | 27.0
Transmutations | 1 7 10 12 14 16 18 19 20 27 | 27.0
Fire Magic     | 1 6 8 10 12 13 15 16 18 27 | 27.0
Ice Magic      | 1 6 8 10 12 14 15 16 18 27 | 27.0
Air Magic      | 1 6 8 10 12 13 15 16 18 27 | 27.0
Earth Magic    | 1 6 9 11 13 15 16 18 19 27 | 27.0
Poison Magic   | 1 6 8 10 12 13 15 16 18 27 | 27.0
Invocations    | 2 8 10 13 15 17 19 20 22 27 | 27.0
Evocations     | 1 6 9 11 13 14 16 17 19 27 | 27.0

Action                   |  1- 3 |  4- 6 |  7- 9 | 10-12 | 13-15 | 16-18 | 19-21 | 22-24 | 25-27 || total
-------------------------+-------+-------+-------+-------+-------+-------+-------+-------+-------++-------
Melee: Executioner's axe |     1 |       |       |     2 |     2 |     6 |     3 |     4 |    61 ||    79
 Abil: Rolling Charge    |       |       |       |       |       |     3 |     1 |       |    17 ||    21
Armor: Leather armour    |       |       |       |       |       |       |       |       |     3 ||     3
Dodge: Dodged            |       |       |       |       |       |       |       |       |     4 ||     4

Table legend: (Time is in decaauts)
 A = Elapsed time spent in this place.
 B = Non-inter-level travel time spent in this place.
 C = Inter-level travel time spent in this place.
 D = Time resting spent in this place.
 E = Time spent auto-exploring this place.
 F = Levels seen in this place.
 G = Mean time per level.
                   A        B        C        D        E       F      G
               +--------+--------+--------+--------+--------+-----+--------+
         Total |     88 |     88 |      0 |      0 |      0 |   1 |   88.0 |
       Dungeon |     88 |     88 |      0 |      0 |      0 |   1 |   88.0 |
               +--------+--------+--------+--------+--------+-----+--------+

Top non-repeatable levels by time:
       D: 88 daAuts
